 Dungeon Crawl Stone Soup version 0.31.0-12-g77e489cdc1 (webtiles) character file.

Game seed: 16846283110954766291

74 Gadfly the Covered (level 4, -18/37 HPs)
             Began as an Armataur Fighter on Feb 28, 2024.
             Demolished by an ogre
             ... wielding a +0 giant spiked club
              (30 damage)
             ... on level 3 of the Dungeon.
             The game lasted 00:01:54 (1564 turns).

Gadfly the Covered (Armataur Fighter)               Turns: 1564, Time: 00:01:54

Health: -18/37     AC:  8    Str: 21    XL:     4   Next: 10%
Magic:  5/5        EV:  5    Int:  8    God:
Gold:   89         SH:  4    Dex: 12    Spells: 3/3 levels left

rFire   . . .        a - +0 flail
rCold   . . .        c - +0 buckler
rNeg    . . .        i - +0 chain mail
rPois   .            (no helmet)
rElec   .            (no cloak)
rCorr   .            (no gloves)
SInv    .            (no barding)
Will    +....        (no amulet) Stlth
                     j - ring of willpower
HPRegen 0.26/turn    (no ring)
MPRegen 0.42/turn

%: roll
@: no status effects
A: large, deformed body, tough skin 3, armoured tail, roll 1
a: no special abilities


You were on level 3 of the Dungeon.
You visited 1 branch of the dungeon, and saw 3 of its levels.

You collected 89 gold pieces.

Inventory:

Hand Weapons
 a - a +0 flail (weapon)
Armour
 c - a +0 buckler (worn)
 i - a +0 chain mail (worn)
Jewellery
 j - a ring of willpower (left hand)
Scrolls
 e - 2 scrolls of teleportation
 g - a scroll of identify
 h - a scroll of vulnerability
Potions
 b - a potion of ambrosia
 d - a potion of might
 f - a potion of heal wounds
 k - a potion of enlightenment {unknown}
 l - a potion of berserk rage {unknown}


   Skills:
 + Level 2.9 Fighting
 * Level 2.5 Maces & Flails
 + Level 3.9 Armour
 + Level 3.5 Shields
 * Level 1.4 Invocations
 * Level 1.5 Evocations


You had 3 spell levels left.
You didn't know any spells.
Your spell library contained the following spells:

 Spells                   Type           Power      Damage    Failure   Level
 Freeze                   Ice            0%         1d3       98%         1
 Frozen Ramparts          Ice            0%         1d1       100%        3
 Hailstorm                Conj/Ice       0%         3d5       100%        3


Dungeon Overview and Level Annotations

Branches:
Dungeon (3/15)

Altars:
Nemelex Xobeh


Innate Abilities, Weirdness & Mutations

Armour fits poorly on your strangely shaped body.
You have extremely tough skin. (AC +3)
You have a long armoured tail.
You regenerate magic when rolling toward enemies. (Rampage MPRegen)


Message History

No target in view!
No target in view!
No target in view!
No target in view!
A kobold comes into view. It is wielding a +0 dagger.
The kobold shouts!
You hear a shout!
A kobold is nearby!
You roll towards the kobold!
You roll towards the kobold!
An ogre comes into view. It is wielding a +0 giant spiked club.
The ogre shouts!
The kobold hits you but does no damage.
You see here 9 gold pieces.
You closely miss the kobold.
The kobold hits you but does no damage. x2
You closely miss the kobold.
Your tail-slap misses the kobold.
The kobold hits you but does no damage.
You closely miss the kobold. The kobold hits you with a +0 dagger.
You hit the kobold.
The kobold is moderately wounded.
The kobold barely misses you.
You barely miss the kobold.
The kobold is moderately wounded.
You sock the ogre! You tail-slap the ogre.
The ogre is moderately wounded.
The ogre hits you but does no damage.
You sock the ogre!
The ogre is severely wounded.
The ogre hits you with a +0 giant spiked club!
There are monsters nearby!
There are monsters nearby!
There are monsters nearby!
You thump the ogre!
The ogre is almost dead.
The ogre hits you with a +0 giant spiked club!
* * * LOW HITPOINT WARNING * * *
You closely miss the ogre.
The ogre is almost dead.
The ogre hits you with a +0 giant spiked club!!
Ouch! That really hurt!
You die...

..#####################
.....KO@..............#
#.###################.#
#. #.# #.# #.# #.# #.#
#.# #.# ##### #.# #.#
....# #.# #.# ###.#
#.###### #.#


You could see an ogre and a kobold.

Vanquished Creatures
  2 adders (D:2)
  A dart slug (D:1)
  2 ribbon worms (D:2)
  3 orcs (D:3)
  3 ball pythons
  2 bats
  4 endoplasms (D:1)
  3 giant cockroaches (D:1)
  3 goblins (D:1)
  A hobgoblin (D:3)
  9 kobolds
  4 quokkas
  A frilled lizard (D:2)
  6 rats
44 creatures vanquished.

Notes
Turn   | Place    | Note
-------+----------+-------------------------------------------
     0 | D:1      | Gadfly the Armataur Fighter began the quest for the Orb.
     0 | D:1      | Reached XP level 1. HP: 18/18 MP: 1/1
    81 | D:1      | Reached XP level 2. HP: 24/25 MP: 2/2
   501 | D:2      | Reached skill level 1 in Invocations
   501 | D:2      | Reached skill level 1 in Evocations
   501 | D:2      | Reached XP level 3. HP: 29/30 MP: 3/3
  1439 | D:3      | Found a faded altar of an unknown god.
  1457 | D:3      | Reached XP level 4. HP: 37/37 MP: 5/5
  1497 | D:3      | Found a sparkling altar of Nemelex Xobeh.
  1555 | D:3      | Noticed an ogre
  1564 | D:3      | Demolished by an ogre

Illustrated notes

Levels and vault maps discovered:
D:1:      scummos_arrival_checkerplants, layout_rooms
D:2:      layout_basic
D:3:      layout_loops_ring, mainiacjoe_overflow_24_doors,
          mainiacjoe_overflow_surrounded_room, gammafunk_ghost_cemetery,
          chequers_ecumenical_altar_simple, patterned_corridor

Skill      XL: |  1  2 |
---------------+-------+-----
Maces & Flails | 2 |  2.5
Invocations    | 1 |  1.4
Evocations     | 1 |  1.5
Fighting       | |  2.9
Armour         | |  3.9
Shields        | |  3.5

Action                     |  1- 3 |  4- 6 || total
---------------------------+-------+-------++-------
  Melee: Flail             |   120 |    22 ||   142
         Tailslap          |    12 |     3 ||    15
    Use: Scroll            |     3 |     1 ||     4
         Potion            |     1 |       ||     1
 Armour: Scale mail        |    69 |       ||    69
         Chain mail        |     7 |    18 ||    25
  Dodge: Dodged            |    36 |     2 ||    38
  Block: Buckler           |    30 |     4 ||    34
